 Dungeon Crawl Stone Soup version 0.30-a0-325-gb515db48ae (webtiles) character file.

Game seed: 16218541373066679264

7543 kdlk the Frost Mage (level 10, -11/84 HPs)
             Began as a Grey Draconian Ice Elementalist on Oct 28, 2022.
             Was a Priest of Sif Muna.
             Mangled by a two-headed ogre
             ... wielding a +0 giant club
              (14 damage)
             ... on level 10 of the Dungeon.
             The game lasted 00:40:51 (11900 turns).

kdlk the Frost Mage (DrIE)                         Turns: 11900, Time: 00:40:52

Health: -11/84     AC: 13    Str: 10    XL:     10   Next: 96%
Magic:  18/18      EV: 15    Int: 19    God:    Sif Muna [***...]
Gold:   580        SH:  0    Dex: 13    Spells: 15/20 levels left

rFire   + . .      SeeInvis .    m - +5 spear (vorpal)
rCold   + . .      Faith    .    (no shield)
rNeg    . . .      Spirit   .    (body armour unavailable)
rPois   .          Reflect  .    (helmet restricted)
rElec   .          Harm     .    (no cloak)
rCorr   .          Rampage  .    (no gloves)
Will    .....                    t - +0 pair of boots
Stlth   ++........               J - amulet of regeneration
HPRegen 1.14/turn                f - ring of protection from cold
MPRegen 0.16/turn                v - ring of protection from fire

@: no status effects
A: AC +12, amphibious, unfitting armour, cold-blooded
a: Renounce Religion, Channel Magic, Forget Spell


You were on level 10 of the Dungeon.
You worshipped Sif Muna.
Sif Muna was most pleased with you.
You visited 2 branches of the dungeon, and saw 13 of its levels.

You collected 580 gold pieces.

Inventory:

Hand Weapons
 m - a +5 vorpal spear (weapon)
 p - a +2 dagger of venom
 y - a +5 long sword
Missiles
 h - 29 poisoned darts (quivered)
 C - 3 datura-tipped darts
 G - a throwing net
 I - a curare-tipped dart
 K - 5 boomerangs
Armour
 t - a +0 pair of boots (worn)
Jewellery
 c - an amulet of the acrobat
 f - a ring of protection from cold (left hand)
 v - a ring of protection from fire (right hand)
 J - an amulet of regeneration (around neck)
Wands
 u - a wand of charming (12)
 F - a wand of flame (31)
Scrolls
 b - 2 scrolls of enchant weapon
 d - a scroll of amnesia
 i - a scroll of poison {unknown}
 o - 2 scrolls of immolation {unknown}
 r - 5 scrolls of enchant armour
 x - 5 scrolls of identify
 B - a scroll of brand weapon {unknown}
 D - a scroll of fear {unknown}
Potions
 a - a potion of magic
 e - 4 potions of degeneration {unknown}
 g - a potion of ambrosia {unknown}
 j - 6 potions of curing
 k - 2 potions of brilliance
 l - 3 potions of haste
 n - 2 potions of mutation {unknown}
 q - 2 potions of flight {unknown}
 s - 5 potions of heal wounds
 w - 4 potions of lignification
 z - 3 potions of resistance
 A - 4 potions of berserk rage {unknown}
 E - 2 potions of attraction {unknown}
 H - a potion of invisibility {unknown}


   Skills:
 + Level 6.3 Fighting
 - Level 0.1 Short Blades
 + Level 5.6 Polearms
 * Level 8.1 Dodging
 - Level 1.7 Stealth
 + Level 5.7 Spellcasting
 + Level 5.6 Summonings
 * Level 9.6 Ice Magic


You had 15 spell levels left.
You knew the following spells:

 Your Spells              Type           Power      Damage    Failure   Level
a - Freeze                Ice            100%       1d10      1%          1
b - Summon Ice Beast      Ice/Summ       34%        N/A       4%          4

Your spell library contained the following spells:

 Spells                   Type           Power      Damage    Failure   Level
 Summon Small Mammal      Summ           100%       N/A       1%          1
 Frozen Ramparts          Ice            84%        1d13      1%          3
 Ozocubu's Armour         Ice            42%        N/A       1%          3
 Call Canine Familiar     Summ           27%        N/A       3%          3
 Summon Guardian Golem    Hex/Summ       16%        N/A       11%         3
 Beastly Appendage        Tmut           10%        N/A       12%         1
 Kiss of Death            Conj/Necr      20%        2d7       12%         1
 Slow                     Hex            20%        N/A       12%         1
 Wereblood                Tmut           5%         N/A       17%         2
 Confusing Touch          Hex            5%         N/A       34%         3
 Spider Form              Tmut/Pois      5%         N/A       34%         3
 Summon Lightning Spire   Summ/Air       16%        N/A       34%         4
 Dispel Undead            Necr           5%         3d7       75%         4
 Storm Form               Tmut/Air       2%         N/A       100%        7
 Maxwell's Capacitive Co  Air            2%         ∞         100%        8


Dungeon Overview and Level Annotations

Branches:
Dungeon (12/15)            Temple (1/1) D:5
   Lair: D:8-11         Orc: D:9-12

Altars:
Ashenzari
Cheibriados
Dithmenos
Elyvilon
Fedhas
Gozag
Hepliaklqana
Kikubaaqudgha
Makhleb
Nemelex Xobeh
Okawaru
Qazlal
Ru
Sif Muna
Trog
Uskayaw
Vehumet
Wu Jian
Xom
Yredelemnul
Zin
The Shining One

Annotations:
D:8 2 transporters, Shaulor's ghost, novice DENe
D:10 Psyche


Innate Abilities, Weirdness & Mutations

Your dull iron-grey scales are very hard. (AC +12)
You are amphibious.
You cannot fit into any form of body armour.
You are cold-blooded and may be slowed by cold attacks.


Message History

You hit the two-headed ogre.
Your tail-slap misses the two-headed ogre.
The two-headed ogre is moderately wounded.
You hit the two-headed ogre.
You tail-slap the two-headed ogre, but do no damage.
The two-headed ogre is moderately wounded.
The two-headed ogre hits you with a +0 giant club!
The two-headed ogre closely misses you.
You puncture the two-headed ogre!
The two-headed ogre is heavily wounded.
You barely miss the two-headed ogre.
Your tail-slap misses the two-headed ogre.
The two-headed ogre is heavily wounded.
The two-headed ogre misses you.
The two-headed ogre hits you with a +0 giant club!!
You hit the two-headed ogre.
Your tail-slap misses the two-headed ogre.
The two-headed ogre is severely wounded.
You hit the two-headed ogre.
Your tail-slap misses the two-headed ogre.
The two-headed ogre is severely wounded.
The two-headed ogre closely misses you. x2
You hit the two-headed ogre.
The two-headed ogre is severely wounded.
You barely miss the two-headed ogre.
The two-headed ogre is severely wounded.
The two-headed ogre barely misses you. The two-headed ogre closely misses you.
You hit the two-headed ogre.
The two-headed ogre is almost dead.
You hit the two-headed ogre.
The two-headed ogre is almost dead.
The two-headed ogre hits you with a +0 giant club!!
The two-headed ogre hits you with a +0 giant club!
* * * LOW HITPOINT WARNING * * *
You hit the two-headed ogre. You tail-slap the two-headed ogre.
The two-headed ogre is almost dead.
The two-headed ogre hits you with a +0 giant club!!
* * * LOW HITPOINT WARNING * * *
The two-headed ogre hits you with a +0 giant club!
You die...

#. #. #. #. #. # #.
#..#.###############
#[...@O...#....$...###
#....####.'..........[
#..... ##.........?..
#..... #...^.°[...^.
#..... #....°.....^.
##.### #......^.....
#. #...:^)...... #
#.....^^^....
#............


You could see a two-headed ogre.

Vanquished Creatures
  A two-headed ogre (D:9)
  Maggie (D:6)
  5 yaks
  A wyvern (D:9)
  Eustachio (D:5)
  The ghost of dcsswall the Caller, an amateur BaSu (D:3)
  2 vampire mosquitoes
  An orc warrior (D:9)
  An ice beast (D:6)
  A sky beast (D:7)
  2 black bears
  6 kobold brigands
  A gnoll sergeant (D:10)
  10 scorpions
  7 bullfrogs
  A necrophage (D:5)
  8 wights
  6 killer bees
  A howler monkey (D:6)
  3 jellies
  2 gnoll boudas
  7 orc priests
  A hound (D:5)
  Jessica (D:3)
  A scorpion zombie (D:3)
  5 orc wizards
  13 gnolls
  11 adders
  5 shadow imps
  3 white imps (D:5)
  2 ufetubi
  3 worms
  A dart slug (D:3)
  23 orcs
  4 ball pythons
  6 bats
  6 endoplasms
  7 giant cockroaches
  8 goblins
  6 hobgoblins
  4 jackals (D:3)
  35 kobolds
  3 quokkas
  5 frilled lizards
  A giant cockroach zombie (D:3)
  6 rats
  3 butterflies (D:6)
232 creatures vanquished.

Vanquished Creatures (collateral kills)
  A two-headed ogre (D:8)
  Joseph (D:10)
  Grinder (D:6)
  A yak (D:7)
  Menkaure (D:6)
  3 scorpions (D:6)
  2 orcs (D:6)
  A giant cockroach (D:6)
  2 kobolds (D:8)
13 creatures vanquished.

Vanquished Creatures (others)
  2 plants (D:4)
2 creatures vanquished.

Grand Total: 247 creatures vanquished

Notes
Turn   | Place    | Note
-------+----------+-------------------------------------------
     0 | D:1      | kdlk the Draconian Ice Elementalist began the quest for the
                  | Orb.
     0 | D:1      | Reached XP level 1. HP: 14/14 MP: 3/3
   185 | D:1      | Reached XP level 2. HP: 19/22 MP: 5/5
   296 | D:1      | Found a faded altar of an unknown god.
   305 | D:1      | Got Plato's Omnibus of Beguiling
   784 | D:2      | Reached XP level 3. HP: 19/27 MP: 3/6
   843 | D:2      | Reached skill level 1 in Fighting
  1494 | D:2      | Reached XP level 4. HP: 27/35 MP: 3/7
  1604 | D:2      | Found a bloodstained altar of Trog.
  1705 | D:3      | Found a stormy altar of Qazlal.
  1737 | D:3      | Found a transporter.
  1924 | D:3      | Noticed Jessica
  1931 | D:3      | Killed Jessica
  1970 | D:3      | Reached XP level 5. HP: 19/40 MP: 5/8
  1975 | D:3      | Reached skill level 1 in Summonings
  1977 | D:3      | Reached skill level 5 in Ice Magic
  2156 | D:3      | Found a transporter.
  2550 | D:3      | Found a runed translucent gate.
  2550 | D:3      | Found a runed translucent gate.
  2550 | D:3      | Found a runed translucent gate.
  2550 | D:3      | Noticed dcsswall's ghost (amateur BaSu)
  2553 | D:3      | Found a basalt altar of Yredelemnul.
  2654 | D:3      | Reached skill level 1 in Polearms
  2654 | D:3      | Reached XP level 6. HP: 41/48 MP: 10/10
  3324 | D:4      | Your scales start taking on a dull iron-grey colour.
  3324 | D:4      | Reached XP level 7. HP: 49/56 MP: 11/11
  3471 | D:4      | Found a shimmering altar of Xom.
  4075 | D:5      | Entered Level 5 of the Dungeon
  4306 | D:5      | Found a staircase to the Ecumenical Temple.
  4310 | D:6      | Noticed Menkaure
  4315 | D:6      | Noticed Eustachio
  4335 | Temple   | Entered the Ecumenical Temple
  4539 | Temple   | Became a worshipper of Sif Muna the Loreminder
  4663 | D:5      | Reached skill level 6 in Ice Magic
  5042 | D:5      | Reached XP level 8. HP: 43/63 MP: 13/13
  5403 | D:3      | Killed dcsswall's ghost
  5661 | D:5      | Killed Eustachio
  5662 | D:5      | Reached skill level 5 in Dodging
  5755 | D:6      | Reached * piety under Sif Muna
  6022 | D:6      | Found a runed translucent door.
  6024 | D:6      | Found a runed translucent door.
  6066 | D:6      | Reached skill level 7 in Ice Magic
  6257 | D:6      | Noticed Maggie
  6322 | D:6      | Learned a level 4 spell: Summon Ice Beast
  6832 | D:6      | Reached XP level 9. HP: 72/72 MP: 15/15
  6837 | D:6      | Found a blossoming altar of Fedhas.
  6838 | D:6      | Found a glowing golden altar of the Shining One.
  6916 | D:6      | Killed Maggie
  7093 | D:6      | Noticed Grinder
  7098 | D:6      | Paralysed by Grinder for 2 turns
  7152 | D:6      | Killed Grinder
  7368 | D:6      | Killed Menkaure
  7900 | D:6      | Reached ** piety under Sif Muna
  7907 | D:6      | Reached skill level 8 in Ice Magic
  7913 | D:6      | Reached skill level 5 in Fighting
  8680 | D:7      | Reached skill level 5 in Spellcasting
  9134 | D:7      | Reached XP level 10. HP: 51/81 MP: 17/17
  9443 | D:7      | HP: 3/81 [poisoned by a kobold brigand (curare-tipped
                  | dart)]
  9444 | D:7      | Reached skill level 5 in Summonings
  9785 | D:8      | Noticed a two-headed ogre
  9815 | D:8      | Reached *** piety under Sif Muna
  9838 | D:8      | Killed a two-headed ogre
  9839 | D:8      | Reached skill level 5 in Polearms
  9839 | D:8      | Reached skill level 9 in Ice Magic
  9880 | D:8      | Found a transporter.
  9887 | D:8      | Found a bloodstained altar of Trog.
  9887 | D:8      | Noticed Shaulor's ghost (novice DENe)
  9967 | D:8      | Noticed a moth of wrath
  9990 | D:8      | Noticed a two-headed ogre
 10079 | D:8      | Found a transporter.
 10311 | D:8      | Found a bloodstained altar of Trog.
 11107 | D:9      | Noticed a two-headed ogre
 11147 | D:9      | Killed a two-headed ogre
 11261 | D:9      | Noticed a two-headed ogre
 11433 | D:9      | Found a snail-covered altar of Cheibriados.
 11644 | D:9      | Noticed a two-headed ogre
 11651 | D:10     | Entered Level 10 of the Dungeon
 11719 | D:10     | Noticed Joseph
 11733 | D:10     | Killed Joseph
 11763 | D:10     | Found a hazy altar of Hepliaklqana.
 11763 | D:10     | Noticed a two-headed ogre
 11795 | D:12     | Noticed a manticore
 11874 | D:10     | Noticed Psyche
 11900 | D:10     | HP: 3/84 [two-headed ogre/+0 giant club (20)]
 11900 | D:10     | Mangled by a two-headed ogre

Illustrated notes

Levels and vault maps discovered:
D:1:      ncdulo_smallfort, layout_rooms, serial_forest,
          infiniplex_forest_lined_ring, infiniplex_forest_pool,
          infiniplex_forest_clump_diagonal, infiniplex_forest_lined_ring,
          infiniplex_forest_straight_3, infiniplex_forest_lined_room_2,
          shapermc_ecumenical_altar_rom_forum
D:2:      layout_basic, basic_altar, minmay_pentomino_w4
D:3:      gammafunk_wand_slinger, layout_basic,
          nicolae_yredelemnul_ghost_church, grunt_qazlal_sundering, uniq_jessica
D:4:      layout_layer_cave, mainiacjoe_overflow_boulevard, saegor_snake_ambush
D:5:      layout_gridville, minmay_temple_entry_butterflies
D:6:      lemuel_insect_pit, layout_cave_pods, nicolae_overflow_two_pavilions,
          st_stairs_3, kennysheep_dice, uniq_eustachio, uniq_grinder,
          uniq_maggie, uniq_menkaure
D:7:      hellmonk_destroyed_diamonds, layout_loops_cross
D:8:      layout_basic, kennysheep_mini_moat, gammafunk_ghost_wrathful_warriors,
          enter_bailey_5
D:9:      layout_roguey, cheibrodos_worm_habitat
D:10:     layout_basic, nicolae_overflow_crystal_walls, david_orc_4,
          ebering_ghost_disaster_area, minmay_holes, uniq_psyche, uniq_joseph,
          uniq_maurice
D:11:     layout_rooms, erik_lair_dragon, uniq_harold, uniq_grum
D:12:     layout_loops_cross
Temple:   nicolae_temple_superstar

Skill      XL: |  1  2  3  4  5  6  7  8  9 10 |
---------------+-------------------------------+-----
Dodging        | 2 3 4 5 7 8 |  8.1
Fighting       | 1 2 3 4 5 6 |  6.3
Summonings     | 1 2 3 4 5 |  5.6
Ice Magic      | 5 6 7 8 9 |  9.6
Polearms       | 1 2 3 4 5 |  5.6
Spellcasting   | 3 4 5 |  5.7
Short Blades   | |  0.1
Stealth        | |  1.7

Action                   |  1- 3 |  4- 6 |  7- 9 | 10-12 || total
-------------------------+-------+-------+-------+-------++-------
Melee: Unarmed           |    69 |       |       |       ||    69
       Tailslap          |    13 |    13 |    68 |    25 ||   119
       Punch             |     2 |       |       |     2 ||     4
       Short sword       |    81 |     3 |       |       ||    84
       Spear             |       |   119 |   414 |   272 ||   805
Throw: Dart              |       |       |     3 |     3 ||     6
 Cast: Freeze            |    20 |    22 |    51 |     4 ||    97
       Summon Ice Beast  |       |       |     5 |     8 ||    13
  Use: Scroll            |       |     4 |     7 |       ||    11
       Potion            |       |       |     3 |     2 ||     5
 Stab: Sleeping          |     2 |     4 |     2 |       ||     8
       Held in net/web   |     1 |       |       |       ||     1
Armor: Skin              |    79 |    40 |   194 |   129 ||   442
Dodge: Dodged            |   139 |    69 |   328 |   221 ||   757

Table legend: (Time is in decaauts)
 A = Elapsed time spent in this place.
 B = Non-inter-level travel time spent in this place.
 C = Inter-level travel time spent in this place.
 D = Time resting spent in this place.
 E = Time spent auto-exploring this place.
 F = Levels seen in this place.
 G = Mean time per level.
                   A        B        C        D        E       F      G
               +--------+--------+--------+--------+--------+-----+--------+
         Total |  11839 |  11012 |    827 |   2791 |   5649 |  13 |  910.7 |
       Dungeon |  11611 |  10811 |    800 |   2709 |   5582 |  12 |  967.6 |
        Temple |    227 |    200 |     27 |     82 |     67 |   1 |  227.0 |
               +--------+--------+--------+--------+--------+-----+--------+

Top non-repeatable levels by time:
     D:6: 2298 daAuts
     D:7: 1534 daAuts
     D:4: 1488 daAuts
     D:3: 1304 daAuts
     D:8: 1133 daAuts
     D:5: 1074 daAuts
     D:2: 918 daAuts
     D:9: 890 daAuts
     D:1: 733 daAuts
  Temple: 227 daAuts
    D:10: 163 daAuts
    D:11: 53 daAuts
    D:12: 17 daAuts
